Map: Чаща РВ (Void)

Players

ИИ 1 (новичок)

  • Race: Terran Terran
  • Spawn Location: 1:00

Doll - Winner!

  • Race: Zerg Zerg
  • Spawn Location: 7:00

VOD

Have the link to the VOD?

Description

Time

  • Played on: March 17, 2021, 4:29 a.m.
  • Length: 12:16
Show
View Real Time Build Order
Export as new Build Order

ИИ 1 (новичок) Terran 

Build Orders: Reaper Expand 

Get SALT Encoding   

  12  0:00  SCV  
  13  0:13  SCV  
  14  0:19  Supply Depot  
  14  0:42  Barracks  
  14  1:03  Command Center  
  14  1:30  Orbital Command, Supply Depot  
  14  1:31  Marine  
  15  1:34  Refinery  
  15  1:46  Refinery  
  15  1:56  SCV  
  16  2:08  SCV  
  17  2:15  Reaper  
  18  2:20  SCV  
  18  2:21  SCV  
  20  2:32  SCV  
  20  2:36  SCV  
  22  2:44  SCV  
  22  2:50  SCV  
  24  2:57  SCV  
  23  3:02  Marine  
  23  3:04  SCV  
  24  3:12  SCV  
  22  3:19  SCV  
  19  3:26  SCV  
  19  3:33  SCV  
  20  3:39  Refinery  
  20  3:41  SCV  
  21  3:48  SCV  
  22  3:49  Marine  
  22  3:55  SCV  
  24  4:02  SCV  
  25  4:04  Factory  
  25  4:08  Barracks Tech Lab  
  25  4:17  SCV  
  26  4:24  SCV  
  27  4:31  SCV  
  27  4:37  Marauder  
  30  4:38  SCV  
  31  4:46  SCV  
  31  4:49  Starport  
  31  4:52  Supply Depot  
  32  4:53  SCV  
  33  5:00  SCV  
  34  5:07  SCV  
  35  5:14  SCV  
  36  5:22  SCV  
  36  5:24  Marine  
  36  5:28  Starport Tech Lab  
  38  5:29  SCV  
  38  5:33  Supply Depot  
  39  5:36  SCV  
  40  5:43  SCV  
  40  5:48  Raven  
  40  5:49  Refinery  
  43  5:50  SCV  
  44  5:58  SCV  
  45  6:05  SCV  
  45  6:11  Marine  
  46  6:12  SCV  
  48  6:31  Raven  
  50  6:58  Marine  
  51  7:46  Marauder  
  52  9:38  SCV  
  53  10:54  Medivac  
  53  10:55  Ghost Academy  
  55  10:59  Supply Depot  
  55  11:02  Marine  
  47  11:24  Medivac  
  49  11:27  Marine  
  49  11:28  Supply Depot  
  48  11:37  SCV  
  30  11:49  SCV  
  18  12:01  SCV  
  18  12:03  Command Center  
Show
View Real Time Build Order
Export as new Build Order

Doll Zerg - Winner!

Build Orders: Hatch First 

Get SALT Encoding   

  12  0:02  Drone  
  13  0:13  Overlord  
  13  0:17  Drone  
  14  0:31  Drone x2  
  14  0:35  Drone  
  17  0:55  Drone  
  17  0:56  Hatchery  
  17  0:59  Drone  
  18  1:09  Extractor  
  17  1:15  Spawning Pool  
  17  1:16  Drone  
  17  1:23  Overlord  
  17  1:29  Drone  
  19  1:40  Drone  
  19  1:51  Drone  
  20  2:02  Zergling x2  
  20  2:03  Queen  
  20  2:07  Queen  
  26  2:08  Zergling x2  
  26  2:12  Drone  
  27  2:18  Roach Warren  
  27  2:20  Drone  
  28  2:22  Drone  
  28  2:28  Extractor  
  28  2:29  Drone  
  28  2:34  Drone  
  29  2:40  Drone  
  30  2:46  Drone  
  31  2:59  Drone  
  31  3:02  Drone  
  31  3:04  Hatchery  
  32  3:11  Lair  
  32  3:17  Roach  
  33  3:21  Overlord  
  33  3:34  Drone, Spine Crawler  
  31  3:35  Drone  
  31  3:37  Overlord  
  33  3:48  Roach x2  
  37  3:50  Roach  
  37  3:54  Roach  
  41  3:58  Roach  
  41  4:02  Roach  
  45  4:07  Overlord  
  45  4:10  Drone  
  45  4:12  Drone  
  45  4:14  Drone  
  45  4:17  Drone  
  49  4:19  Drone  
  49  4:22  Drone  
  52  4:24  Drone  
  52  4:27  Drone  
  52  4:29  Drone  
  54  4:33  Drone  
  54  4:34  Drone  
  56  4:40  Infestation Pit  
  56  4:42  Glial Reconstitution  
  56  4:44  Drone  
  56  4:46  Drone  
  56  4:47  Drone  
  56  4:49  Drone  
  56  4:51  Drone  
  60  4:53  Drone  
  60  4:55  Drone  
  60  4:57  Overlord  
  62  5:01  Pneumatized Carapace  
  62  5:06  Extractor  
  61  5:08  Extractor, Overlord  
  61  5:10  Zergling x4  
  61  5:11  Zergling x2  
  61  5:12  Zergling x2  
  64  5:14  Zergling x2  
  64  5:16  Metabolic Boost  
  65  5:23  Infestor  
  65  5:25  Baneling Nest  
  65  5:26  Infestor  
  68  5:33  Extractor  
  68  5:35  Drone x3  
  69  5:36  Drone, Extractor  
  69  5:37  Drone  
  69  5:40  Drone  
  69  5:41  Drone  
  73  5:43  Drone  
  73  5:44  Drone  
  75  5:50  Pathogen Glands  
  75  5:54  Overlord  
  75  5:56  Drone  
  76  5:57  Zergling x2  
  76  5:59  Zergling x2  
  76  6:04  Drone x2  
  80  6:06  Overlord  
  80  6:11  Centrifical Hooks  
  80  6:13  Drone  
  80  6:15  Drone  
  80  6:16  Drone  
  80  6:18  Drone  
  84  6:19  Drone  
  84  6:23  Infestor  
  84  6:25  Infestor  
  87  6:30  Infestor  
  91  6:32  Overlord  
  91  6:34  Drone  
  91  6:38  Drone  
  91  6:39  Drone x2  
  95  6:41  Drone  
  95  6:42  Drone  
  97  6:49  Hydralisk Den  
  97  6:51  Hive  
  97  6:52  Zergling x2  
  97  6:53  Zergling x2  
  98  6:55  Zergling x2  
  98  6:56  Zergling x2  
  98  7:01  Infestor  
  100  7:04  Infestor  
  104  7:09  Drone x2, Overlord x2  
  104  7:11  Overseer  
  104  7:12  Overseer  
  106  7:26  Overlord  
  106  7:28  Hydralisk  
  106  7:29  Hydralisk  
  110  7:30  Hydralisk, Hatchery  
  110  7:31  Hydralisk  
  110  7:34  Hydralisk  
  115  7:40  Evolution Chamber  
  115  7:43  Evolution Chamber  
  115  7:44  Hydralisk, Evolution Chamber  
  113  7:45  Hydralisk  
  113  7:49  Zergling x6  
  119  7:51  Zergling x2  
  119  7:52  Zergling x2  
  119  7:55  Drone  
  119  7:56  Drone  
  119  7:57  Drone  
  124  8:01  Baneling x3  
  124  8:02  Baneling x3  
  124  8:03  Baneling x4  
  124  8:04  Baneling x2  
  124  8:05  Baneling x2  
  124  8:06  Baneling x2  
  124  8:07  Baneling  
  124  8:08  Baneling  
  124  8:09  Baneling x2  
  124  8:12  Drone x2  
  126  8:13  Drone  
  126  8:15  Overlord  
  126  8:17  Drone  
  126  8:18  Drone  
  126  8:19  Drone  
  130  8:22  Overlord  
  130  8:34  Drone x2  
  130  8:35  Drone x2  
  130  8:36  Drone  
  130  8:37  Drone  
  130  8:38  Drone  
  130  8:39  Hatchery  
  136  8:41  Overlord  
  136  8:50  Spire  
  136  8:51  Hydralisk, Ultralisk Cavern  
  136  8:54  Hydralisk  
  138  8:57  Roach  
  138  8:58  Roach  
  138  9:00  Drone x2  
  138  9:01  Drone  
  145  9:10  Extractor x2  
  145  9:13  Zerg Melee Weapons Level 1, Zerg Missile Weapons Level 1  
  145  9:14  Zerg Ground Armor Level 1  
  145  9:16  Roach x2  
  147  9:17  Roach  
  147  9:19  Roach  
  147  9:20  Roach  
  147  9:22  Roach  
  147  9:23  Roach  
  157  9:25  Roach  
  157  9:27  Overlord  
  159  9:36  Overlord  
  159  9:37  Overlord  
  159  9:43  Hatchery  
  159  9:44  Adrenal Glands  
  158  9:49  Ultralisk  
  164  9:53  Ultralisk  
  170  10:00  Ultralisk  
  170  10:02  Overlord  
  170  10:06  Drone x2  
  178  10:07  Drone  
  178  10:08  Greater Spire  
  178  10:10  Drone x2  
  178  10:11  Drone  
  178  10:12  Drone  
  178  10:13  Drone x2  
  186  10:14  Drone  
  186  10:15  Drone  
  186  10:16  Overlord  
Tags
 
Add a new tag
Caveats
  • Supply blocks, unpowered buildings, or Contaminate may cause inaccurate times.
  • Supply counts are checked every 10 seconds.